 Dungeon Crawl Stone Soup version 0.26.1-2-gb8aa6d0cf2 (webtiles) character file.

Game seed: 11968430023333050006

1225461 roke1 the Archmage (level 27, -5/221 (224) HPs)
             Began as a Deep Elf Ice Elementalist on Mar 8, 2021.
             Was the Champion of Vehumet.
             Slain by an ancient champion
             ... wielding a +3 great mace of draining
              (24 damage)
             ... on level 3 of the Tomb of the Ancients on Mar 9, 2021.
             The game lasted 06:29:10 (97767 turns).

roke1 the Archmage (Deep Elf Ice Elementalist)     Turns: 97767, Time: 06:29:11

HP:   -5/221 (224)  AC: 32    Str: 11 (14) XL:     27
MP:   56/56         EV: 30    Int: 34      God:    Vehumet [******]
Gold: 13221         SH: 15    Dex: 15      Spells: 21/80 levels left

rFire    + + +     SeeInvis .   Q - +9 eudemon blade (holy)
rCold    + + +     Faith    .   f - +2 shield of Resistance {rF++ rC++ Will++}
rNeg     + + .     Spirit   .   (armour currently unavailable)
rPois    ∞         Reflect  .   K - +0 helmet "Wyppaa" {Int+7}
rElec    +         Harm     .   p - scarf {rC+ rF+}
rCorr    .         Rampage  .   (gloves currently unavailable)
Will     ++++.                  (boots currently unavailable)
Stlth    +++.......             w - amulet of magic regeneration
HPRegen  0.46/turn              x - ring of Viopta Doq {rElec rN+ Slay+4 Stlth+}
MPRegen  0.60/turn              y - ring "Pinu" {Str+2 Slay+4}

@: statue-form, slowed, lightly drained, very slow
A: claws 1, frail 1
}: 14/15 runes: barnacled, slimy, silver, iron, obsidian, icy, bone, abyssal,
demonic, glowing, magical, fiery, dark, gossamer
a: End Transformation, Renounce Religion


You were on level 3 of the Tomb of the Ancients.
You worshipped Vehumet.
Vehumet was exalted by your worship.
You were a stone statue.
You visited 17 branches of the dungeon, and saw 81 of its levels.
You visited Pandemonium 1 time, and saw 16 of its levels.
You visited the Abyss 2 times.
You also visited: Bailey.

You collected 14573 gold pieces.
You spent 1352 gold pieces at shops.

Inventory:

Hand Weapons
 L - the +8 trident of the Octopus King {venom, rElec rPois Will+}
   (You took it off a deep elf death mage on level 3 of the Elven Halls)

   It poisons the flesh of those it strikes.
   It insulates you from electricity.
   It protects you from poison.
   It affects your willpower, your defense against some magical effects.
 Q - a +9 eudemon blade of holy wrath (weapon)
Missiles
 U - 11 throwing nets
Armour
 e - a +1 pair of gloves of dexterity (melded)
 f - the +2 shield of Resistance (worn) {rF++ rC++ Will++}
   (You found it on level 4 of the Shoals)

   It greatly protects you from fire.
   It greatly protects you from cold.
   It affects your willpower, your defense against some magical effects.
 p - a scarf of resistance (worn)
 r - the +9 pearl dragon scales "Legepn" (melded) {rN+ Regen+}
   (You found it on level 7 of Gehenna)

   It protects you from negative energy.
   It increases your rate of regeneration.
 B - a +2 pair of boots of stealth (melded)
 K - the +0 helmet "Wyppaa" (worn) {Int+7}
   (You acquired it on level 4 of the Shoals)

   It affects your intelligence (+7).
Jewellery
 b - a +4 ring of protection
 c - an uncursed ring of resist corrosion
 o - a +4 ring of protection
 w - an amulet of magic regeneration (around neck)
 x - the ring of Viopta Doq (left claw) {rElec rN+ Slay+4 Stlth+}
   (You found it on level 1 of the Crypt)

   [ring of slaying]

   It affects your accuracy and damage with ranged weapons and melee attacks
   (+4).
   It insulates you from electricity.
   It protects you from negative energy.
   It makes you more stealthy.
 y - the ring "Pinu" (right claw) {Str+2 Slay+4}
   (You found it in Pandemonium)

   [ring of slaying]

   It affects your strength (+2).
   It affects your accuracy and damage with ranged weapons and melee attacks
   (+4).
 G - the ring of Takod {rC+ Dex+2 SInv}
   (You found it on level 7 of Tartarus)

   [ring of see invisible]

   It affects your dexterity (+2).
   It protects you from cold.
   It lets you see invisible.
 M - an uncursed ring of flight
 P - an uncursed ring of positive energy
 S - the ring of the Mage {Wiz Will++ Int+3}
   (You took it off a deep elf annihilator on level 3 of the Elven Halls)

   [ring of wizardry]

   It improves your spell success rate.
   It affects your intelligence (+3).
   It affects your willpower, your defense against some magical effects.
 Y - an uncursed amulet of the acrobat
Wands
 d - a wand of enslavement (33)
 m - a wand of iceblast (72)
 s - a wand of flame (19)
 u - a wand of acid (62)
 I - a wand of digging (18)
 V - a wand of disintegration (9)
Scrolls
 a - 2 scrolls of enchant armour
 g - 3 scrolls of silence
 h - 31 scrolls of teleportation
 k - 8 scrolls of immolation
 t - 2 scrolls of enchant weapon
 z - 12 scrolls of identify
 A - 6 scrolls of blinking
 C - 3 scrolls of holy word
 D - 9 scrolls of fear
 F - 22 scrolls of remove curse
 N - 7 scrolls of amnesia
 R - 2 scrolls of fog
 W - 5 scrolls of summoning
Potions
 i - 8 potions of lignification
 j - 14 potions of curing
 l - 11 potions of might
 n - 9 potions of brilliance
 q - 12 potions of ambrosia
 v - 3 potions of invisibility
 E - 8 potions of resistance
 H - 8 potions of flight
 J - 9 potions of mutation
 O - 5 potions of magic
 T - 5 potions of cancellation
 X - 2 potions of heal wounds
 Z - 4 potions of haste


   Skills:
 * Level 25.1 Fighting
 - Level 14.0 Long Blades
 - Level 18.6 Armour
 - Level 24.0 Dodging
 - Level 2.6 Stealth
 - Level 15.0 Shields
 O Level 27 Spellcasting
 - Level 10.5 Conjurations
 - Level 4.7 Summonings
 * Level 11.0 Transmutations
 - Level 16.5 Fire Magic
 - Level 22.9 Ice Magic
 * Level 11.0 Earth Magic


You had 21 spell levels left.
You knew the following spells:

 Your Spells              Type           Power        Failure   Level
a - Freeze                Ice            100%         0%          1
b - Frozen Ramparts       Ice            100%         0%          3
c - Summon Ice Beast      Ice/Summ       96%          0%          4
d - Hailstorm             Conj/Ice       100%         0%          4
e - Irradiate             Conj/Tmut      44%          1%          5
f - Ozocubu's Refrigerat  Ice            58%          0%          6
g - Swiftness             Air            45%          1%          2
h - Ignition              Fire           51%          1%          8
i - Freezing Cloud        Conj/Ice/Air   44%          1%          6
j - Absolute Zero         Ice            58%          1%          9
k - Statue Form           Tmut/Erth      58%          1%          6
l - Fireball              Conj/Fire      47%          1%          5

Your spell library contained the following spells:

 Spells                   Type           Power        Failure   Level
 Shatter                  Erth           44%          75%         9
 Tornado                  Air            22%          100%        9
 Beastly Appendage        Tmut           100%         0%          1
 Foxfire                  Conj/Fire      100%         0%          1
 Magic Dart               Conj           100%         0%          1
 Sandblast                Erth           100%         0%          1
 Ensorcelled Hibernation  Hex/Ice        100%         0%          2
 Passwall                 Tmut/Erth      73%          0%          2
 Searing Ray              Conj           100%         0%          2
 Wereblood                Tmut           88%          0%          2
 Conjure Flame            Conj/Fire      95%          0%          3
 Ozocubu's Armour         Ice            100%         0%          3
 Stone Arrow              Conj/Erth      100%         0%          3
 Ice Form                 Ice/Tmut       100%         0%          4
 Sticky Flame             Conj/Fire      95%          0%          4
 Animate Skeleton         Necr           90%          1%          1
 Apportation              Tloc           90%          1%          1
 Corona                   Hex            50%          1%          1
 Pain                     Necr           100%         1%          1
 Shock                    Conj/Air       100%         1%          1
 Sting                    Tmut/Pois      100%         1%          1
 Summon Small Mammal      Summ           100%         1%          1
 Blink                    Tloc           N/A          1%          2
 Call Imp                 Summ           68%          1%          2
 Corpse Rot               Necr/Air       N/A          1%          2
 Poisonous Vapours        Pois/Air       90%          1%          2
 Slow                     Hex            45%          1%          2
 Sublimation of Blood     Necr           22%          1%          2
 Confusing Touch          Hex            45%          1%          3
 Dazzling Flash           Conj/Hex       100%         1%          3
 Gell's Gravitas          Tloc           22%          1%          3
 Ignite Poison            Fire/Tmut/Pois 83%          1%          3
 Inner Flame              Hex/Fire       80%          1%          3
 Lesser Beckoning         Tloc           22%          1%          3
 Mephitic Cloud           Conj/Pois/Air  63%          1%          3
 Portal Projectile        Hex/Tloc       90%          1%          3
 Spider Form              Tmut/Pois      35%          1%          3
 Static Discharge         Conj/Air       69%          1%          3
 Teleport Other           Tloc           45%          1%          3
 Vampiric Draining        Necr           22%          1%          3
 Airstrike                Air            22%          1%          4
 Fulminant Prism          Conj/Hex       34%          1%          4
 Iskenderun's Mystic Bla  Conj/Tloc      69%          1%          4
 Leda's Liquefaction      Hex/Erth       35%          1%          4
 Olgreb's Toxic Radiance  Pois           45%          1%          4
 Petrify                  Tmut/Erth      88%          1%          4
 Summon Lightning Spire   Summ/Air       58%          1%          4
 Alistair's Intoxication  Tmut/Pois      46%          1%          5
 Blade Hands              Tmut           44%          1%          5
 Bolt of Magma            Conj/Fire/Erth 46%          1%          5
 Borgnjor's Vile Clutch   Necr/Erth      35%          1%          5
 Iskenderun's Battlesphe  Conj           87%          1%          5
 Lee's Rapid Deconstruct  Erth           44%          1%          5
 Lightning Bolt           Conj/Air       34%          1%          5
 Metabolic Englaciation   Hex/Ice        44%          1%          5
 Hydra Form               Tmut           44%          1%          6
 Iron Shot                Conj/Erth      44%          1%          6
 Simulacrum               Ice/Necr       44%          1%          6
 Starburst                Conj/Fire      47%          1%          6
 Orb of Destruction       Conj           43%          1%          7
 Conjure Ball Lightning   Conj/Air       34%          2%          6
 Eringya's Noxious Bog    Tmut/Pois      35%          2%          6
 Animate Dead             Necr           22%          4%          4
 Cause Fear               Hex            22%          4%          4
 Dispel Undead            Necr           45%          4%          4
 Passage of Golubria      Tloc           N/A          4%          4
 Summon Forest            Summ/Tloc      29%          4%          5
 Dragon Form              Tmut           44%          4%          7
 Spellforged Servitor     Conj/Summ      39%          4%          7
 Shadow Creatures         Summ           N/A          10%         6
 Agony                    Necr           45%          13%         5
 Excruciating Wounds      Necr           22%          13%         5
 Silence                  Hex/Air        22%          13%         5
 Monstrous Menagerie      Summ           34%          50%         7
 Summon Greater Demon     Summ           34%          50%         7
 Death Channel            Necr           22%          56%         6
 Dispersal                Tloc           22%          56%         6
 Invisibility             Hex            45%          56%         6
 Malign Gateway           Summ/Tloc      29%          83%         7
 Summon Horrible Things   Summ           34%          99%         8
 Death's Door             Necr           22%          100%        9
 Dragon's Call            Summ           34%          100%        9


Dungeon Overview and Level Annotations

Branches:
Dungeon (15/15)            Temple (1/1) D:6            Lair (6/6) D:10
 Shoals (4/4) Lair:4       Spider (4/4) Lair:4        Slime (5/5) Lair:6
    Orc (2/2) D:10            Elf (3/3) Orc:2        Vaults (5/5) D:14
  Crypt (3/3) Vaults:3       Tomb (3/3) Crypt:3      Depths (5/5) D:15
   Hell (visited)             Dis (7/7) Hell            Geh (7/7) Hell
    Coc (7/7) Hell            Tar (7/7) Hell            Zot (0/5) Depths:5
 Bailey (visited)

Altars:
Ashenzari
Cheibriados
Dithmenos
Elyvilon
Fedhas
Gozag
Hepliaklqana
Kikubaaqudgha
Makhleb
Nemelex Xobeh
Okawaru
Qazlal
Ru
Sif Muna
Trog
Uskayaw
Vehumet
Wu Jian
Xom
Yredelemnul
Zin
The Shining One
Beogh
Jiyva

Shops:
D:5 (   D:11 :   D:15 (   Orc:2 *([[   Elf:1 *   Shoals:4 [   Vaults:5 !?}}}
Depths:5 (

Portals:
Hell: Depths:1 Depths:2 Depths:3 Depths:4 Depths:5
Abyss: Depths:1 Depths:4
Pandemonium: Depths:1 Depths:2 Depths:3
Ziggurat: Depths:4

Annotations:
D:8 2 transporters, SirTuna's ghost, novice HuFi
Lair:3 2 transporters, Nefuv's ghost, journeyman MiBe
Spider:2 2 transporters
Elf:2 3 runed translucent doors
Vaults:2 3 runed translucent doors, 1 transporter, Forgeling's ghost, adept FeEn; axecop's ghost, adept DsAK


Innate Abilities, Weirdness & Mutations

You have sharp fingernails.
You are frail. (-10% HP)


Message History

The royal mummy points at you and mumbles some strange words.
Something smites you!
* * * LOW HITPOINT WARNING * * *
You block the death scarab's attack. The death scarab bites you.
* * * LOW HITPOINT WARNING * * *
The death scarab drains your vigour!
You feel as though you will be slow longer.
The death scarab misses you. You block the death scarab's attack.
The death scarab completely misses you. x3
You hear a loud "Zot"!
The death scarab completely misses you. You block the death scarab's attack.
The death scarab completely misses you.
You riposte.
You slash the death scarab!
The death scarab convulses.
The death scarab is heavily damaged.
You block the ancient champion's attack.
The death scarab barely misses you. The death scarab completely misses you.
You riposte.
You miss the death scarab. The death scarab misses you.
The royal mummy gestures wildly while chanting.
The ancient champion hits you with a +3 great mace of draining!!
You die... ##+## #....# ......# ......B## .....BB8## ....^BBzB# .M.....M .....BzBBz##MMMMbM#

$B.....bzM##M..^z.#
$$......bV8#..8.M.#
)$$....W...#..8z..#
|:$$.......M..)...+
)|$$.......#M.....#
:}$$......#b)..^.#


You could see a royal mummy, 2 bennus, 3 ancient champions, 2 mummy priests, a
skeletal warrior, a jiangshi (summoned), a phantasmal warrior (summoned), an
ushabti and 10 death scarabs.

Vanquished Creatures
  Cerebov (Pan)
  Antaeus (Coc:7)
  the Royal Jelly (Slime:5)
  Asmodeus (Geh:7)
  Ereshkigal (Tar:7)
  Dissolution (Slime:2)
  Gloorx Vloq (Pan)
  Lom Lobon (Pan)
  Mnoleg (Pan)
  Dispater (Dis:7)
  5 ancient liches
  Mennas (Vaults:5)
  Mara (Depths:2)
  24 royal mummies
  Bai Suzhen (Vaults:5)
  8 shard shrikes (Coc:7)
  Geryon (Hell)
  5 caustic shrikes (Depths:2)
  A golden dragon (Vaults:5)
  Jory (Crypt:1)
  6 doom hounds (Tar:7)
  7 bone dragons
  20 Tzitzimimeh
  16 Brimstone Fiends
  6 iron giants
  17 liches
  6 Hell Sentinels
  9 tentacled monstrosities
  13 Ice Fiends
  5 pandemonium lords (Pan)
  9 titans
  4 deep elf blademasters
  3 deep elf master archers (Elf:3)
  11 acid blobs
  13 sphinxes
  21 Executioners (Pan)
  2 tentacled starspawn
  8 storm dragons
  11 ancient champions
  6 tengu reavers
  A thorn hunter (Abyss:3)
  9 shadow dragons
  A nagaraja (Abyss:3)
  14 azure jellies
  5 revenants
  10 warmongers (Pan)
  8 fire giants
  6 blood saints (Pan)
  10 iron dragons
  2 emperor scorpions (Spider:4)
  5 ghost moths
  6 frost giants
  18 vault wardens
  26 cacodemons
  9 deep elf sorcerers
  A draconian knight (Depths:5)
  Louise (Depths:4)
  5 curse skulls
  2 juggernaut zombies (Depths:3)
  18 balrugs
  2 draconian annihilators (Depths:5)
  4 ghouls (Crypt:2)
  48 reapers
  7 deep elf elementalists
  A caustic shrike skeleton (Depths:2)
  4 elemental wellsprings (Coc:7)
  12 ironheart preservers
  4 war gargoyles
  A green draconian (Depths:5)
  Nessos (D:14)
  7 very ugly things
  5 deep elf annihilators
  18 stone giants
  4 bennus (Tomb:1)
  A yellow draconian (Depths:5)
  10 vampire knights
  5 corrupters (Pan)
  10 lorocyprocas
  4 entropy weavers
  8 spark wasps
  10 deep elf demonologists
  9 black suns (Pan)
  A purple draconian (Depths:5)
  2 black draconians (Depths:5)
  Azrael (D:14)
  A white draconian (Depths:5)
  3 starcursed masses (Abyss:3)
  4 dire elephants (Lair:6)
  A spark wasp (shapeshifter) (Depths:2)
  8 deep elf death magi
  15 ettins
  Snorg (D:10)
  7 green deaths (Pan)
  6 death oozes (Slime:5)
  5 merfolk javelineers
  15 mummy priests
  4 quicksilver dragon zombies
  13 fire dragons
  7 merfolk impalers
  8 eidola
  29 blizzard demons
  A spectral kraken (Tar:7)
  A kraken zombie (Coc:1)
  13 jiangshi
  14 great orbs of eyes
  17 ogre magi
  9 deep elf high priests
  31 vault guards
  14 yaktaur captains
  3 hell beasts
  5 hydras
  2 quicksilver dragon skeletons
  4 rakshasas
  6 boulder beetles
  Erolcha (D:9)
  21 ice dragons
  7 centaur warriors
  10 monstrous demonspawn (Pan)
  4 spriggan air magi
  5 merfolk avatars
  A ghost crab (Tar:3)
  34 two-headed ogres
  2 juggernaut simulacra (Pan)
  2 alligator snapping turtles (Shoals:4)
  3 satyrs
  4 death knights
  4 merfolk aquamancers
  An alligator (shapeshifter) (Vaults:5)
  8 vampire magi
  13 dancing weapons
  7 deep troll shamans
  9 deep troll earth magi
  4 tengu warriors
  55 death scarabs (Tomb:2)
  32 hell hogs
  3 death yaks (Lair:5)
  3 orc high priests (Orc:2)
  3 spriggan berserkers
  9 titan zombies
  3 thrashing horrors
  8 small abominations
  48 soul eaters
  21 deep elf knights
  Nergalle (Lair:4)
  13 shadow wraiths
  5 titan skeletons
  A wretched star (Abyss:3)
  An iron golem (Hell)
  55 hell knights
  A spark wasp zombie (Depths:2)
  3 storm dragon zombies
  4 unseen horrors
  A death drake (shapeshifter) (Vaults:5)
  A fire crab (shapeshifter) (Vaults:3)
  27 sun demons
  17 iron trolls
  85 skeletal warriors
  4 storm dragon skeletons
  20 sixfirhies
  6 infernal demonspawn (Pan)
  12 sea snakes
  27 shadow demons
  A swamp dragon (Abyss:3)
  18 flayed ghosts
  4 golden dragon zombies
  6 gelid demonspawn
  2 unseen horrors (shapeshifter)
  7 anaconda zombies
  A quicksilver dragon simulacrum (Coc:7)
  8 torturous demonspawn (Pan)
  A ghost moth zombie (Geh:7)
  5 glowing orange brains
  24 deep trolls
  4 shadow dragon zombies
  A tengu zombie (Depths:3)
  12 wizards
  13 deep elf archers
  11 ironbrand convokers
  5 anaconda skeletons
  21 phantasmal warriors
  9 orc knights
  A sphinx zombie (Depths:3)
  16 necromancers
  18 orb spiders
  6 iron dragon zombies
  5 wolf spider zombies
  5 golden dragon skeletons
  45 harpies
  6 orc sorcerers
  An orb spider (shapeshifter) (Vaults:2)
  29 ugly things
  5 shadow dragon skeletons
  9 fauns
  4 stone giant zombies
  35 wolf spiders
  12 cyclopes
  3 shining eyes
  65 deep elf magi
  A manticore (shapeshifter) (Depths:2)
  19 manticores
  2 shock serpent zombies
  7 frost giant zombies
  2 moths of wrath
  2 worldbinders
  9 fire giant zombies
  2 tengu skeletons
  16 rust devils
  3 black mambas
  2 dire elephant zombies
  10 vault sentinels
  5 stone giant skeletons
  An eye of devastation (Abyss:1)
  5 frost giant skeletons
  Psyche (D:9)
  14 merfolk sirens
  A spectral iron troll (Crypt:1)
  5 water nymphs
  An apocalypse crab (Abyss:3)
  7 fire giant skeletons
  A guardian serpent (Abyss:3)
  23 smoke demons
  5 iron dragon skeletons
  A titan simulacrum (Crypt:2)
  15 orange demons
  4 elephants (Lair:6)
  6 molten gargoyles (Geh:7)
  2 storm dragon simulacra (Coc:7)
  10 cane toads
  A catoblepas zombie (Coc:1)
  7 dire elephant skeletons
  An elf skeleton (Depths:3)
  4 gargoyles (Crypt:3)
  6 ice statues
  2 torpor snails (Spider:2)
  3 centaur skeletons
  27 hellions
  2 rime drakes
  38 yaktaurs
  9 spectral swamp worms (Tar:7)
  An emperor scorpion zombie (Crypt:1)
  A redback zombie (Crypt:1)
  7 komodo dragons
  2 ancient zymes
  27 tormentors
  7 efreet
  27 freezing wraiths
  2 spectral deep trolls (Crypt:1)
  36 guardian mummies
  A harpy zombie (Dis:2)
  22 ice devils
  6 hellwings (Pan)
  3 anaconda simulacra (Coc:7)
  27 red devils
  A ghost moth simulacrum (Tomb:1)
  24 merfolk
  12 hydra zombies
  10 demonic crawlers
  35 jumping spiders
  9 trolls
  3 trolls (shapeshifter)
  3 polar bears
  27 large abominations
  4 silent spectres
  3 meliai (Spider:2)
  3 jumping spiders (shapeshifter)
  A wind drake (shapeshifter) (D:15)
  15 wind drakes
  A hornet (shapeshifter) (Depths:2)
  3 tengu conjurers
  Prince Ribbit (D:7)
  A harpy skeleton (Coc:7)
  15 hornets
  6 fire dragon zombies
  8 alligator zombies
  8 hydra skeletons
  6 ice dragon zombies
  61 slime creatures
  8 dream sheep
  A dream sheep (shapeshifter) (Depths:2)
  7 blink frogs
  4 fire dragon skeletons
  5 raiju (Abyss:3)
  2 fire giant simulacra
  A frost giant simulacrum (Vaults:1)
  A spriggan zombie (Depths:3)
  5 ettin zombies
  9 snapping turtles
  A spriggan (shapeshifter) (Vaults:5)
  82 flying skulls
  4 ettin skeletons
  A wyvern (shapeshifter) (Depths:2)
  53 redbacks
  2 spriggans
  5 air elementals
  20 shadows
  13 yaks
  4 alligator skeletons
  20 water elementals
  8 ynoxinuls
  2 fire bats (Geh:1)
  7 ice dragon skeletons
  15 tarantellas
  31 wraiths
  Grum (D:9)
  3 tarantellas (shapeshifter)
  A hog (shapeshifter) (Depths:2)
  25 fire elementals
  3 golden eyes (Abyss:1)
  A human (shapeshifter) (Vaults:5)
  2 wyverns
  9 ushabtiu
  A basilisk (shapeshifter) (Vaults:1)
  A basilisk (Lair:1)
  4 steam dragons
  21 neqoxecs
  A warg (D:10)
  6 vampire mosquitoes
  16 chaos spawn
  2 merfolk zombies
  Edmund (D:6)
  A deep troll zombie (Crypt:1)
  A soldier ant (shapeshifter) (Depths:5)
  A soldier ant (D:15)
  12 water moccasins
  9 cane toad zombies
  4 hydra simulacra
  2 floating eyes
  67 hell hounds
  4 snapping turtle zombies
  A deep troll skeleton (Crypt:1)
  A human skeleton (Depths:3)
  3 cane toad skeletons
  9 ice beasts
  3 manticore zombies
  18 orc warriors
  2 sky beasts
  7 phantoms
  2 black bears
  18 necrophages
  A black mamba simulacrum (Coc:7)
  16 boggarts
  7 eyes of draining
  9 wolves
  An ice dragon simulacrum (Crypt:1)
  30 ogres
  7 centaurs
  A manticore skeleton (Tar:7)
  6 snapping turtle skeletons
  2 swamp dragon skeletons
  A draconian zombie (Crypt:1)
  A big kobold (shapeshifter) (Vaults:2)
  23 bullfrogs
  3 big kobolds
  A gnoll sergeant (D:9)
  2 cane toad simulacra (Coc:6)
  An earth elemental (Elf:1)
  A water moccasin zombie (Crypt:2)
  5 scorpions
  10 killer bees (D:10)
  A shapeshifter zombie (Crypt:1)
  2 spriggan skeletons
  37 wights
  A yak skeleton (Crypt:2)
  An electric eel (D:15)
  A polar bear skeleton (Crypt:2)
  A nameless horror (Lair:2)
  A centaur zombie (Coc:7)
  4 howler monkeys
  11 crimson imps
  2 bullfrog zombies
  A quasit (Depths:1)
  19 iron imps
  15 orc priests
  9 hounds
  2 bullfrog skeletons (D:10)
  A hound (shapeshifter) (Depths:2)
  3 jellies
  22 orc wizards
  13 worker ants
  5 iguanas
  6 hell rats
  2 killer bee zombies
  A demigod skeleton (Crypt:2)
  A naga skeleton (Crypt:3)
  4 hound skeletons
  66 mummies
  A worker ant zombie (D:7)
  A howler monkey zombie (D:5)
  A steam dragon zombie (Crypt:2)
  7 gnolls
  9 adders
  A howler monkey skeleton (D:10)
  6 river rats (D:5)
  5 shadow imps
  19 white imps
  2 ufetubi
  An ooze (D:2)
  6 adder skeletons
  7 worms
  7 dart slugs
  2 leopard geckos
  52 orcs
  A bat skeleton (Crypt:2)
  6 giant cockroaches
  12 goblins
  10 hobgoblins
  6 jackals
  3 quokkas
  4 ball pythons
  4 bats
  5 frilled lizards
  2 goblin zombies (D:8)
  A hobgoblin zombie (D:5)
  12 kobolds
  2 kobold zombies (D:5)
  3 orc zombies
  24 rats
  37 blocks of ice
  4 briar patches (Abyss:3)
  2 crawling corpses (Elf:3)
  2 lurking horrors (Abyss:3)
  4 starspawn tentacles (Abyss:1)
  5 tentacles
3782 creatures vanquished.

Vanquished Creatures (collateral kills)
  An emperor scorpion (Spider:4)
  A blood saint (Pan)
  A dire elephant (Lair:6)
  A quicksilver dragon zombie (Depths:3)
  2 hydras (Lair:5)
  An anaconda (Lair:6)
  A dancing weapon (Elf:2)
  2 two-headed ogres
  A death yak (Lair:5)
  2 skeletal warriors
  A deep troll (D:15)
  An unseen horror (D:15)
  3 wolf spiders
  6 ugly things
  An oklob plant (Lair:3)
  2 deep elf magi (Orc:2)
  A faun (Shoals:2)
  3 elephants (Lair:6)
  3 black mambas
  Maggie (D:8)
  A yaktaur (Vaults:3)
  A freezing wraith (Vaults:2)
  A rime drake (Lair:5)
  7 cane toads
  5 demonic crawlers
  A troll (Orc:2)
  3 jumping spiders
  A hornet (Spider:4)
  6 blink frogs
  4 polar bears
  A snapping turtle (Lair:4)
  4 dream sheep (Lair:6)
  A stone giant simulacrum (Vaults:1)
  3 tarantellas
  3 redbacks (Spider:1)
  2 water elementals (Shoals:2)
  3 yaks
  A fire elemental (D:14)
  3 vampire mosquitoes (D:13)
  An acid dragon (Vaults:1)
  2 wargs
  A soldier ant (D:13)
  An orc warrior (Orc:2)
  6 water moccasins
  2 phantoms
  3 ogres
  3 wolves
  2 centaurs
  A killer bee (D:10)
  A quasit (D:11)
  2 orc priests
  2 centaur skeletons
  A jelly (D:8)
  3 orc wizards
  A bullfrog skeleton (D:6)
  3 iguanas
  A howler monkey zombie (D:8)
  A gnoll (D:9)
  An adder (D:7)
  7 orcs
  A giant cockroach (D:6)
  6 kobolds
138 creatures vanquished.

Vanquished Creatures (others)
  An eldritch tentacle (Tomb:1)
  A wolf spider zombie (D:14)
  A human zombie (Hell)
  411 blocks of ice
  A briar patch (Abyss:3)
  A bush (Lair:5)
  111 fungi
  167 plants
  2 starspawn tentacles (Abyss:3)
  5 tentacles
  47 withered plants
748 creatures vanquished.

Grand Total: 4668 creatures vanquished

Notes
Turn   | Place    | Note
-------+----------+-------------------------------------------
     0 | D:1      | roke1 the Deep Elf Ice Elementalist began the quest for the
                  | Orb.
     0 | D:1      | Reached XP level 1. HP: 10/10 MP: 6/6
   372 | D:1      | Reached XP level 2. HP: 15/15 MP: 6/8
  1037 | D:2      | Reached XP level 3. HP: 20/20 MP: 9/9
  1041 | D:2      | Learned a level 3 spell: Frozen Ramparts
  1335 | D:2      | Reached skill level 5 in Ice Magic
  1843 | D:2      | Reached skill level 1 in Fighting
  1843 | D:2      | Reached XP level 4. HP: 25/25 MP: 8/11
  2566 | D:3      | Found a burning altar of Makhleb.
  2731 | D:3      | Reached skill level 4 in Spellcasting
  2950 | D:3      | Learned a level 4 spell: Summon Ice Beast
  3338 | D:3      | Reached XP level 5. HP: 29/29 MP: 9/13
  3505 | D:3      | Found a sacrificial altar of Ru.
  3506 | D:3      | Found an ornate altar of the Wu Jian Council.
  3921 | D:2      | Reached skill level 1 in Summonings
  4049 | D:3      | Found a broken altar of Ashenzari.
  4275 | D:4      | Learned a level 4 spell: Hailstorm
  4352 | D:4      | Reached XP level 6. HP: 33/34 MP: 10/14
  4674 | D:4      | Got a spiked ring mail
  4888 | D:4      | Noticed a moth of wrath
  5091 | D:4      | Found a bloodstained altar of Trog.
  5143 | D:5      | Entered Level 5 of the Dungeon
  5218 | D:5      | Reached skill level 5 in Spellcasting
  5610 | D:5      | Found Gaat's Antique Weapon Shoppe.
  5777 | D:5      | Found the +2 ratskin cloak {*Rats rPois rN+ Str-1 Int-1
                  | Dex+1}
  5785 | D:5      | Reached XP level 7. HP: 32/38 MP: 13/16
  6035 | D:5      | Got a scorched dagger
  6039 | D:5      | Identified the +8 dagger of the Extremes {drain, Fragile
                  | rC++ Int+3} (You found it on level 5 of the Dungeon)
  6087 | D:5      | Found an ancient bone altar of Kikubaaqudgha.
  6830 | D:6      | Found a staircase to the Ecumenical Temple.
  6901 | Temple   | Entered the Ecumenical Temple
  6981 | Temple   | Became a worshipper of Vehumet
  7050 | D:6      | Found a blossoming altar of Fedhas.
  7054 | D:6      | Found a stormy altar of Qazlal.
  7198 | D:6      | Reached skill level 6 in Spellcasting
  7295 | D:6      | Noticed Edmund
  7305 | D:6      | Killed Edmund
  7306 | D:6      | Reached skill level 1 in Conjurations
  7306 | D:6      | Reached XP level 8. HP: 30/43 MP: 16/19
  7888 | D:6      | Learned a level 3 spell: Ozocubu's Armour
  8282 | D:7      | Reached * piety under Vehumet
  8282 | D:7      | Offered knowledge of Foxfire by Vehumet.
  8312 | D:7      | Reached skill level 7 in Spellcasting
  8363 | D:7      | Noticed Prince Ribbit
  8368 | D:7      | Killed Prince Ribbit
  8369 | D:7      | Reached skill level 5 in Dodging
  8441 | D:7      | Found a flagged portal.
  8453 | D:7      | Reached XP level 9. HP: 45/49 MP: 21/21
  8591 | Bailey   | Entered a bailey
  8611 | Bailey   | Noticed an orc warlord
  8690 | Bailey   | Found a runed translucent gate.
  8690 | Bailey   | Found a runed translucent gate.
  8690 | Bailey   | Found a runed translucent gate.
  8707 | Bailey   | Noticed an orc knight
  9025 | D:7      | Reached ** piety under Vehumet
  9317 | D:7      | Offered knowledge of Shock by Vehumet.
  9774 | D:8      | Found a basalt altar of Yredelemnul.
  9972 | D:8      | Found a transporter.
 10096 | D:8      | Noticed a +0 dagger
 10096 | D:8      | Noticed a +0 dagger
 10195 | D:8      | Found a hide-covered altar of Uskayaw.
 10211 | D:8      | Reached skill level 8 in Spellcasting
 10318 | D:8      | Noticed Maggie
 10338 | D:8      | Killed Maggie
 10339 | D:8      | Reached skill level 10 in Ice Magic
 10465 | D:8      | Found a transporter.
 10806 | D:8      | Noticed SirTuna's ghost (novice HuFi)
 10962 | D:9      | Noticed Grum
 11008 | D:9      | Killed Grum
 11008 | D:9      | Offered knowledge of Searing Ray by Vehumet.
 11276 | D:9      | Noticed Erolcha
 11283 | D:9      | Reached XP level 10. HP: 41/56 MP: 19/24
 11407 | D:9      | Killed Erolcha
 11408 | D:9      | Reached skill level 5 in Conjurations
 11697 | D:9      | Noticed Psyche
 11705 | D:9      | Killed Psyche
 11706 | D:9      | Reached skill level 9 in Spellcasting
 11912 | D:9      | Got a transparent bone amulet
 11918 | D:9      | Identified the amulet of Veucub {Faith +Blink Str+10 Dex-2
                  | Stlth+} (You found it on level 9 of the Dungeon)
 11928 | D:9      | Identified the +4 ring mail of Lefoat {+Fly rElec Will+}
                  | (You found it on level 4 of the Dungeon)
 12023 | D:10     | Entered Level 10 of the Dungeon
 12027 | D:10     | Found a staircase to the Orcish Mines.
 12134 | D:10     | Reached *** piety under Vehumet
 12402 | D:10     | Found a staircase to the Lair.
 12425 | D:10     | Offered knowledge of Conjure Flame by Vehumet.
 12695 | D:10     | Noticed Snorg
 12715 | D:10     | Killed Snorg
 12775 | D:10     | Reached **** piety under Vehumet
 12919 | D:10     | Offered knowledge of Irradiate by Vehumet.
 12927 | D:10     | Learned a level 5 spell: Irradiate
 13082 | D:10     | Reached skill level 5 in Fighting
 13162 | D:10     | Reached XP level 11. HP: 63/63 MP: 26/26
 13816 | D:11     | Noticed a two-headed ogre
 13822 | D:11     | Killed a two-headed ogre
 13823 | D:11     | Reached skill level 10 in Spellcasting
 14187 | D:11     | Noticed a two-headed ogre
 14195 | D:11     | Killed a two-headed ogre
 14339 | D:11     | Found a glowing silver altar of Zin.
 14578 | D:11     | Found Teoled's Book Emporium.
 14927 | Lair:1   | Entered Level 1 of the Lair of Beasts
 14927 | Lair:1   | Noticed a six-headed hydra
 14938 | Lair:1   | Killed a six-headed hydra
 15055 | Lair:1   | You fall into a shaft and drop 1 floor!
 16530 | Lair:1   | Noticed a five-headed hydra
 16546 | Lair:1   | Killed a five-headed hydra
 16917 | Lair:2   | Reached skill level 11 in Spellcasting
 17141 | Lair:2   | Noticed a seven-headed hydra
 17152 | Lair:2   | Killed a seven-headed hydra
 17153 | Lair:2   | Reached XP level 12. HP: 70/70 MP: 15/29
 18109 | Lair:3   | Found a transporter.
 18114 | Lair:3   | Found a transporter.
 18116 | Lair:3   | Noticed Nefuv's ghost (journeyman MiBe)
 19544 | Lair:4   | Found a hole to the Spider Nest.
 19817 | Lair:4   | Reached skill level 10 in Dodging
 20005 | Lair:4   | Reached ***** piety under Vehumet
 20054 | Lair:4   | Noticed Nergalle
 20073 | Lair:4   | Killed Nergalle
 20379 | Lair:4   | Offered knowledge of Bolt of Magma by Vehumet.
 20469 | Lair:4   | Found a staircase to the Shoals.
 20882 | Lair:5   | Noticed an eight-headed hydra
 20892 | Lair:5   | Killed an eight-headed hydra
 21059 | Lair:5   | Reached skill level 12 in Spellcasting
 21060 | Lair:5   | Reached skill level 1 in Armour
 21242 | Lair:5   | Noticed a death yak
 21242 | Lair:5   | Noticed a five-headed hydra
 21243 | Lair:5   | Noticed a death yak
 21250 | Lair:5   | Noticed a death yak
 21251 | Lair:5   | Noticed a death yak
 21251 | Lair:5   | Noticed a death yak
 21252 | Lair:5   | Noticed a death yak
 21317 | Lair:5   | Killed a death yak
 21555 | Lair:5   | Noticed a six-headed hydra
 21567 | Lair:5   | Killed a six-headed hydra
 21800 | Lair:5   | Killed a five-headed hydra
 21934 | Lair:6   | Entered Level 6 of the Lair of Beasts
 22010 | Lair:6   | Reached XP level 13. HP: 64/76 MP: 31/31
 22642 | Lair:6   | Found a white marble altar of Elyvilon.
 23893 | Lair:6   | Found a viscous altar of Jiyva.
 23893 | Lair:6   | Found a staircase to the Slime Pits.
 24524 | Lair:6   | Reached skill level 15 in Ice Magic
 24737 | Lair:6   | Offered knowledge of Ozocubu's Refrigeration by Vehumet.
 24935 | Lair:6   | Learned a level 6 spell: Ozocubu's Refrigeration
 24942 | Lair:6   | Noticed a dire elephant
 24942 | Lair:6   | Noticed a dire elephant
 25028 | Lair:6   | Noticed a dire elephant
 25040 | Lair:6   | Noticed a dire elephant
 25364 | Lair:6   | Killed a dire elephant
 25505 | Lair:6   | Noticed a dire elephant
 25525 | Lair:6   | Killed a dire elephant
 25526 | Lair:6   | Reached skill level 10 in Conjurations
 25728 | Lair:6   | Killed a dire elephant
 25729 | Lair:6   | Reached skill level 13 in Spellcasting
 25917 | Lair:6   | Identified The Foundations of Spellweaving
 25922 | Lair:6   | Learned a level 2 spell: Swiftness
 25968 | Lair:6   | Killed a dire elephant
 25985 | Lair:6   | Killed a dire elephant
 26547 | D:12     | Identified a scroll of acquirement
 26547 | D:12     | Acquired an uncursed staff of cold
 26651 | D:12     | Found a shadowy altar of Dithmenos.
 27150 | D:12     | Reached XP level 14. HP: 84/84 MP: 33/33
 29120 | D:14     | Reached skill level 1 in Shields
 29528 | D:14     | Noticed Nessos
 29536 | D:14     | Killed Nessos
 29718 | D:14     | Noticed Azrael
 29721 | D:14     | Killed Azrael
 29721 | D:14     | Offered knowledge of Iskenderun's Battlesphere by Vehumet.
 30220 | D:14     | Found a gate to the Vaults.
 30323 | D:15     | Entered Level 15 of the Dungeon
 30877 | D:15     | Reached XP level 15. HP: 89/89 MP: 34/34
 30893 | D:15     | Reached skill level 14 in Spellcasting
 31203 | D:15     | Found Dipungih's Weapon Boutique.
 31698 | D:15     | Found a staircase to the Depths.
 32728 | Orc:1    | Entered Level 1 of the Orcish Mines
 32911 | Orc:2    | Entered Level 2 of the Orcish Mines
 33404 | Orc:2    | Found a staircase to the Elven Halls.
 33620 | Orc:2    | Found a roughly hewn altar of Beogh.
 34015 | Orc:2    | Found Kavu's Antique Armour Emporium.
 34032 | Orc:2    | Reached XP level 16. HP: 66/96 MP: 26/36
 34297 | Orc:2    | Reached skill level 5 in Armour
 34450 | Orc:2    | Found Lucom's General Store.
 34451 | Orc:2    | Found Tearuxt's Armour Boutique.
 34451 | Orc:2    | Found Elarheje's Weapon Boutique.
 34472 | Orc:2    | Bought a glowing hat for 210 gold pieces
 34495 | Orc:2    | Bought a potion of magic for 128 gold pieces
 34710 | Orc:1    | Offered knowledge of Starburst by Vehumet.
 35113 | Spider:1 | Entered Level 1 of the Spider Nest
 36384 | Spider:2 | Learned a level 6 spell: Starburst
 36503 | Spider:2 | Reached skill level 15 in Spellcasting
 36770 | Spider:2 | Offered knowledge of Eringya's Noxious Bog by Vehumet.
 37045 | Spider:2 | Found the +4 moon troll leather armour {Spirit, Regen++
                  | MP+5}
 37098 | Spider:2 | Found a transporter.
 37702 | Shoals:1 | Entered Level 1 of the Shoals
 37998 | Shoals:1 | You fall into a shaft and drop 1 floor!
 38988 | Shoals:2 | Offered knowledge of Freezing Cloud by Vehumet.
 38996 | Shoals:2 | Learned a level 6 spell: Freezing Cloud
 39908 | Shoals:2 | Reached skill level 10 in Fighting
 40530 | Shoals:3 | Reached XP level 17. HP: 102/102 MP: 29/38
 41408 | Shoals:4 | Entered Level 4 of the Shoals
 41466 | Shoals:4 | Reached skill level 16 in Spellcasting
 41580 | Shoals:4 | Found the +2 shield of Resistance {rF++ rC++ Will++}
 41583 | Shoals:4 | Found Ecathro's Armour Emporium.
 41595 | Shoals:4 | Bought a +2 pair of boots of stealth for 236 gold pieces
 41615 | Shoals:4 | Offered knowledge of Chain Lightning by Vehumet.
 41675 | Shoals:4 | Identified the Disquisition on Displacement and Heat
 41833 | Shoals:4 | Reached ****** piety under Vehumet
 42185 | Shoals:4 | Acquired the +0 helmet "Wyppaa" {Int+7}
 42701 | Shoals:4 | Got a barnacled rune of Zot
 43382 | Spider:2 | Reached skill level 1 in Fire Magic
 43537 | Spider:2 | Offered knowledge of Shatter by Vehumet.
 43537 | Spider:2 | Offered knowledge of Tornado by Vehumet.
 43537 | Spider:2 | Offered knowledge of Absolute Zero by Vehumet.
 43567 | Spider:2 | Learned a level 9 spell: Absolute Zero
 43702 | Spider:2 | Learned a level 8 spell: Ignition
 43842 | Spider:2 | Found a transporter.
 45269 | Spider:3 | Acquired 800 gold pieces
 45385 | Spider:3 | Reached skill level 5 in Shields
 45385 | Spider:3 | Reached XP level 18. HP: 108/108 MP: 40/40
 45527 | Spider:4 | Entered Level 4 of the Spider Nest
 46639 | Spider:4 | Reached skill level 17 in Spellcasting
 47839 | Spider:4 | Got a gossamer rune of Zot
 48180 | Vaults:1 | Entered Level 1 of the Vaults
 48443 | Vaults:1 | Reached skill level 5 in Fire Magic
 50502 | Vaults:2 | Reached XP level 19. HP: 114/115 MP: 42/42
 51177 | Vaults:2 | Found a runed translucent gate.
 51177 | Vaults:2 | Found a runed translucent gate.
 51184 | Vaults:2 | Found a runed translucent gate.
 51186 | Vaults:2 | Noticed axecop's ghost (adept DsAK)
 51186 | Vaults:2 | Noticed Forgeling's ghost (adept FeEn)
 51638 | Vaults:2 | Found a transporter.
 51737 | Vaults:3 | Reached skill level 18 in Spellcasting
 52070 | Vaults:3 | Acquired 1309 gold pieces
 52109 | Vaults:3 | Noticed a bone dragon
 52110 | Vaults:3 | Killed a bone dragon
 52116 | Vaults:3 | Found a staircase to the Crypt.
 53866 | Vaults:4 | Reached XP level 20. HP: 122/122 MP: 44/44
 55265 | Elf:1    | Entered Level 1 of the Elven Halls
 55528 | Elf:1    | Found Afimn's Assorted Antiques.
 55535 | Elf:1    | Bought a potion of mutation for 272 gold pieces
 56157 | Elf:1    | Reached skill level 19 in Spellcasting
 56517 | Elf:1    | Reached skill level 10 in Fire Magic
 56864 | Elf:2    | Found a runed translucent gate.
 56864 | Elf:2    | Found a runed translucent gate.
 56865 | Elf:2    | Found a runed translucent gate.
 57876 | Elf:3    | Entered Level 3 of the Elven Halls
 58259 | Elf:3    | Identified the cursed +1 falchion of Dominance {vorpal,
                  | *Rage Fragile rN+ Int+10} (You found it on level 3 of the
                  | Elven Halls)
 58592 | Elf:3    | Reached XP level 21. HP: 129/129 MP: 46/46
 58656 | Elf:3    | Identified the cursed +0 spear of Loekh {holy, Will+ Str+4
                  | SInv}
 59011 | Elf:3    | Identified the Incunabulum of Conjuration and the Voyage
 59033 | Elf:3    | Identified the ring "Qizxor" {rPois Str+4 Slay-3 SInv} (You
                  | found it on level 3 of the Elven Halls)
 59034 | Elf:3    | Identified the Guide on Flamy Envenoming
 59456 | Depths:1 | Entered Level 1 of the Depths
 59502 | Depths:1 | Reached skill level 10 in Shields
 59502 | Depths:1 | Found a gateway to Hell.
 59716 | Depths:1 | Found a one-way gate to the infinite horrors of the Abyss.
 59920 | Depths:1 | Reached skill level 20 in Spellcasting
 60506 | Depths:1 | Found a one-way gate leading to the halls of Pandemonium.
 61697 | Depths:2 | Noticed Mara
 61700 | Depths:2 | Noticed a caustic shrike
 61702 | Depths:2 | Killed Mara
 61703 | Depths:2 | Reached XP level 22. HP: 136/136 MP: 32/48
 61706 | Depths:2 | Noticed a caustic shrike
 61706 | Depths:2 | Killed a caustic shrike
 61708 | Depths:2 | Killed a caustic shrike
 62238 | Depths:2 | Noticed a caustic shrike
 62274 | Depths:2 | Killed a caustic shrike
 62275 | Depths:2 | Reached skill level 15 in Fire Magic
 62471 | Depths:2 | Noticed a caustic shrike
 62474 | Depths:2 | Killed a caustic shrike
 62474 | Depths:2 | Noticed a caustic shrike
 62483 | Depths:2 | Killed a caustic shrike
 62680 | Depths:2 | Reached skill level 21 in Spellcasting
 63199 | Depths:2 | Identified the +6 scimitar "Nuysut" {antimagic, rElec
                  | Int+2}
 64505 | Depths:3 | Reached XP level 23. HP: 138/143 MP: 41/50
 64647 | Depths:3 | Found a sparkling altar of Nemelex Xobeh.
 65043 | Depths:4 | Noticed Louise
 65047 | Depths:4 | Killed Louise
 65129 | Depths:4 | Found a gateway to a ziggurat.
 66314 | Depths:5 | Entered Level 5 of the Depths
 66478 | Depths:5 | Reached skill level 22 in Spellcasting
 66732 | Depths:5 | Found a gate to the Realm of Zot.
 66735 | Depths:5 | Reached skill level 15 in Fighting
 66885 | Depths:5 | Found Nofiun's Weapon Shop.
 67989 | Vaults:5 | Entered Level 5 of the Vaults
 67991 | Vaults:5 | Noticed Bai Suzhen
 67994 | Vaults:5 | Killed Bai Suzhen
 68319 | Vaults:5 | Reached XP level 24. HP: 151/151 MP: 46/51
 68464 | Vaults:5 | Noticed an ancient lich
 68465 | Vaults:5 | Killed an ancient lich
 68696 | Vaults:5 | Reached skill level 23 in Spellcasting
 68698 | Vaults:5 | Reached skill level 15 in Shields
 69166 | Vaults:5 | Reached skill level 1 in Long Blades
 69239 | Vaults:5 | Noticed Mennas
 69241 | Vaults:5 | Killed Mennas
 69798 | Vaults:5 | Noticed an ancient lich
 69800 | Vaults:5 | Killed an ancient lich
 69801 | Vaults:5 | Reached skill level 5 in Long Blades
 69913 | Vaults:5 | Found Rodea's Gadget Shoppe.
 69924 | Vaults:5 | Got a silver rune of Zot
 70111 | Vaults:5 | Found Elailiji's Gadget Shop.
 70120 | Vaults:5 | Found Fuqeemn's Gadget Shoppe.
 70265 | Vaults:5 | Found Wovus's Distillery.
 70270 | Vaults:5 | Bought a potion of heal wounds for 60 gold pieces
 70270 | Vaults:5 | Bought a potion of cancellation for 96 gold pieces
 70270 | Vaults:5 | Bought a potion of magic for 96 gold pieces
 70286 | Vaults:5 | Found Cossepn's Magic Scroll Emporium.
 70290 | Vaults:5 | Bought a scroll of blinking for 127 gold pieces
 70290 | Vaults:5 | Bought a scroll of blinking for 127 gold pieces
 71036 | Slime:1  | Entered Level 1 of the Pits of Slime
 71044 | Slime:2  | Noticed Dissolution
 71049 | Slime:2  | Killed Dissolution
 71296 | Slime:2  | Reached skill level 24 in Spellcasting
 71476 | Slime:2  | Reached XP level 25. HP: 159/159 MP: 44/53
 71664 | Slime:5  | Entered Level 5 of the Pits of Slime
 71874 | Slime:5  | Noticed the Royal Jelly
 71876 | Slime:5  | Killed the Royal Jelly
 71915 | Slime:5  | Found the +7 Spriggan's Knife {stab, EV+4 Stlth+}
 71950 | Slime:5  | Got a crude tin ring
 71951 | Slime:5  | Identified the ring "Bicu Xuzutz" {rC+ Str+5} (You found it
                  | on level 5 of the Pits of Slime)
 71963 | Slime:5  | Identified the cursed ring of Recklessness {+Inv rF- EV-4
                  | Int+4} (You found it on level 5 of the Pits of Slime)
 72003 | Slime:5  | Got a slimy rune of Zot
 72398 | Depths:1 | Voluntarily entered the Abyss.
 72622 | Abyss:1  | Found an iron altar of Okawaru.
 72634 | Abyss:1  | Found a runed translucent door.
 72977 | Abyss:3  | Noticed an ancient lich
 72978 | Abyss:3  | Killed an ancient lich
 73048 | Abyss:3  | Got an abyssal rune of Zot
 73072 | Depths:1 | Escaped the Abyss
 73500 | Hell     | Entered the Vestibule of Hell
 73651 | Hell     | Reached skill level 10 in Long Blades
 73879 | Hell     | Noticed Geryon
 74119 | Hell     | Killed Geryon
 74127 | Hell     | Reached skill level 25 in Spellcasting
 74797 | Hell     | Found a gateway to the freezing wastes of Cocytus.
 74894 | Hell     | Found a gateway to the Iron City of Dis.
 74962 | Hell     | Found a gateway to the ashen valley of Gehenna.
 75045 | Hell     | Found a gateway to the decaying netherworld of Tartarus.
 75400 | Crypt:1  | Entered Level 1 of the Crypt
 75500 | Crypt:1  | Noticed Jory
 75505 | Crypt:1  | Reached XP level 26. HP: 66/158 MP: 25/54
 75506 | Crypt:1  | Killed Jory
 76438 | Crypt:1  | Identified the ring of Viopta Doq {rElec rN+ Slay+4 Stlth+}
                  | (You found it on level 1 of the Crypt)
 76819 | Crypt:2  | Found a transporter.
 76820 | Crypt:2  | Found a shimmering blue altar of Sif Muna.
 77738 | Crypt:3  | Entered Level 3 of the Crypt
 79080 | Crypt:3  | Found an ancient bone altar of Kikubaaqudgha.
 79107 | Crypt:3  | Noticed an ancient lich
 79112 | Crypt:3  | Killed an ancient lich
 79410 | Crypt:3  | Found a staircase to the Tomb.
 79441 | Crypt:3  | Got a transparent tin ring
 79443 | Crypt:3  | Identified the ring of Xainiosh {Wiz *Corrode rC+ Int+3}
                  | (You found it on level 3 of the Crypt)
 79450 | Crypt:3  | Acquired 624 gold pieces
 79552 | Crypt:3  | Identified the Guide on Evil
 79786 | Crypt:3  | Identified the Collected Works on Evil Rituals
 80696 | Crypt:2  | Found a transporter.
 80804 | Crypt:2  | Reached skill level 26 in Spellcasting
 81167 | Geh:1    | Entered Level 1 of Gehenna
 81254 | Geh:1    | Learned a level 6 spell: Statue Form
 82083 | Geh:3    | Reached XP level 27. HP: 172/174 MP: 50/55
 82304 | Geh:4    | You fall into a shaft and drop 2 floors!
 82489 | Geh:7    | Entered Level 7 of Gehenna
 82680 | Geh:7    | Found the +10 dark maul {vorpal}
 82799 | Geh:7    | Reached skill level 10 in Armour
 82872 | Geh:7    | Got steaming pearl dragon scales
 83283 | Geh:7    | Found the +7 sceptre of Asmodeus
 83283 | Geh:7    | Noticed Asmodeus
 83284 | Geh:7    | Killed Asmodeus
 83330 | Geh:7    | Got an obsidian rune of Zot
 83455 | Hell     | Identified the +9 pearl dragon scales "Legepn" {rN+ Regen+}
                  | (You found it on level 7 of Gehenna)
 83575 | Dis:1    | Entered Level 1 of the Iron City of Dis
 84004 | Dis:3    | You fall into a shaft and drop 2 floors!
 84241 | Dis:7    | Entered Level 7 of the Iron City of Dis
 84449 | Dis:7    | Reached skill level 27 in Spellcasting
 85173 | Dis:7    | Reached skill level 15 in Dodging
 85194 | Dis:7    | Found the +4 staff of Dispater
 85194 | Dis:7    | Noticed Dispater
 85196 | Dis:7    | Killed Dispater
 85207 | Dis:7    | Identified the cursed +1 fire dragon scales of Wonderful
                  | Happiness {rF++ rC- rN+}
 85233 | Dis:7    | Got an iron rune of Zot
 85234 | Dis:7    | Identified the Guide on Cold and Conjuration
 85461 | Tar:1    | Entered Level 1 of Tartarus
 85545 | Tar:1    | You fall into a shaft and drop 1 floor!
 86012 | Tar:3    | You fall into a shaft and drop 3 floors!
 86024 | Tar:7    | Entered Level 7 of Tartarus
 87296 | Tar:7    | Got a warped ivory ring
 87300 | Tar:7    | Identified the ring of Takod {rC+ Dex+2 SInv} (You found it
                  | on level 7 of Tartarus)
 87613 | Tar:7    | Noticed Ereshkigal
 87623 | Tar:7    | Killed Ereshkigal
 87643 | Tar:7    | Found the +9 staff of Olgreb {rPois∞}
 87643 | Tar:7    | Got a smoking iron ring
 87644 | Tar:7    | Identified the ring "Keufaczi" {Ice *Drain +Fly Will- MP+9}
                  | (You found it on level 7 of Tartarus)
 87649 | Tar:7    | Identified the Tome of Twisted Hexes
 87654 | Tar:7    | Got a bone rune of Zot
 87657 | Tar:7    | Identified the +2 helmet of Quantum Leap {rCorr Str+2} (You
                  | found it on level 7 of Tartarus)
 87863 | Coc:1    | Entered Level 1 of Cocytus
 88026 | Coc:3    | You are sucked into a shaft and drop 1 floor!
 88383 | Coc:7    | Entered Level 7 of Cocytus
 88624 | Coc:7    | Reached skill level 15 in Armour
 89129 | Coc:7    | Noticed Antaeus
 89137 | Coc:7    | Killed Antaeus
 89173 | Coc:7    | Got an icy rune of Zot
 89206 | Coc:7    | Found the +5 robe of Misfortune {*Contam Harm *Corrode
                  | *Drain *Slow EV+5}
 89500 | Pan      | Entered Pandemonium
 89717 | Pan      | Noticed Benuq the pandemonium lord
 89722 | Pan      | Killed Benuq the pandemonium lord
 89901 | Pan      | Noticed Tarif the pandemonium lord
 89918 | Pan      | Killed Tarif the pandemonium lord
 90122 | Pan      | Got a demonic rune of Zot
 90318 | Pan      | Found a transporter.
 90318 | Pan      | Found a transporter.
 90480 | Pan      | Noticed Hoiv the pandemonium lord
 90914 | Pan      | Noticed Rilogg the pandemonium lord
 90916 | Pan      | Killed Rilogg the pandemonium lord
 91156 | Pan      | Gained mutation: You are frail. (-10% HP) [a cacodemon]
 91274 | Pan      | Entered the realm of Cerebov.
 91316 | Pan      | Identified the Grimoire of Lightness and Combat Magic
 91324 | Pan      | Learned a level 5 spell: Fireball
 91366 | Pan      | Found the +6 sword of Cerebov {flame}
 91366 | Pan      | Noticed Cerebov
 91371 | Pan      | Killed Cerebov
 91453 | Pan      | Got a smoking wooden ring
 91454 | Pan      | Identified the ring "Pinu" {Str+2 Slay+4} (You found it in
                  | Pandemonium)
 91514 | Pan      | Got a scintillating silver ring
 91516 | Pan      | Identified the ring of the Eleven Beggars {Ice rPois Str+6
                  | Int+2 Stlth+} (You found it in Pandemonium)
 91581 | Pan      | Got a fiery rune of Zot
 91819 | Pan      | Noticed Cacso the pandemonium lord
 91821 | Pan      | Killed Cacso the pandemonium lord
 92079 | Pan      | Entered the realm of Lom Lobon.
 92460 | Pan      | Noticed Lom Lobon
 92462 | Pan      | Killed Lom Lobon
 92491 | Pan      | Got a magical rune of Zot
 92562 | Pan      | Found an exit through the horrors of the Abyss.
 92672 | Pan      | Noticed Onwacioh the pandemonium lord
 92673 | Pan      | Killed Onwacioh the pandemonium lord
 92963 | Pan      | Found an exit through the horrors of the Abyss.
 93442 | Pan      | Found an exit through the horrors of the Abyss.
 93460 | Pan      | Entered the realm of Mnoleg.
 93619 | Pan      | Gained mutation: You have sharp fingernails. [a cacodemon]
 93649 | Pan      | Noticed Mnoleg
 93651 | Pan      | Killed Mnoleg
 93664 | Pan      | Got a glowing rune of Zot
 93724 | Pan      | Entered the realm of Gloorx Vloq.
 93776 | Pan      | Found an exit through the horrors of the Abyss.
 93985 | Pan      | Noticed Gloorx Vloq
 93992 | Pan      | Killed Gloorx Vloq
 94079 | Pan      | Got a dark rune of Zot
 94322 | Pan      | Took an exit into the Abyss.
 94322 | Abyss:1  | Escaped into the Abyss
 94403 | Depths:1 | Escaped the Abyss
 94956 | Tomb:1   | Entered Level 1 of the Tomb of the Ancients
 94961 | Tomb:1   | Acquired a Grand Grimoire
 95199 | Tomb:1   | Noticed a royal mummy
 95364 | Tomb:1   | Killed a royal mummy
 95810 | Tomb:1   | Noticed a royal mummy
 95815 | Tomb:1   | Killed a royal mummy
 96276 | Tomb:2   | Noticed a royal mummy
 96276 | Tomb:2   | Noticed a royal mummy
 96278 | Tomb:2   | Reached skill level 1 in Transmutations
 96278 | Tomb:2   | Reached skill level 1 in Earth Magic
 96278 | Tomb:2   | Noticed a royal mummy
 96280 | Tomb:2   | Killed a royal mummy
 96280 | Tomb:2   | Killed a royal mummy
 96280 | Tomb:2   | Noticed an ancient lich
 96282 | Tomb:2   | Noticed a royal mummy
 96291 | Tomb:2   | Killed a royal mummy
 96295 | Tomb:2   | Killed a royal mummy
 96296 | Tomb:2   | Killed an ancient lich
 96297 | Tomb:2   | Reached skill level 5 in Transmutations
 96297 | Tomb:2   | Reached skill level 5 in Earth Magic
 96747 | Tomb:1   | Noticed a royal mummy
 96748 | Tomb:1   | Noticed a royal mummy
 96751 | Tomb:1   | Killed a royal mummy
 96751 | Tomb:1   | Killed a royal mummy
 96798 | Tomb:1   | Noticed a royal mummy
 96799 | Tomb:1   | Killed a royal mummy
 96816 | Tomb:1   | Noticed a royal mummy
 96817 | Tomb:1   | Killed a royal mummy
 96898 | Tomb:1   | Noticed a royal mummy
 96899 | Tomb:1   | Killed a royal mummy
 96920 | Tomb:1   | Noticed a royal mummy
 96921 | Tomb:1   | Killed a royal mummy
 96951 | Tomb:1   | Noticed a royal mummy
 96952 | Tomb:1   | Killed a royal mummy
 96952 | Tomb:1   | Noticed a royal mummy
 96954 | Tomb:1   | Killed a royal mummy
 96978 | Tomb:1   | Noticed a royal mummy
 96980 | Tomb:1   | Killed a royal mummy
 97043 | Tomb:1   | Noticed a royal mummy
 97046 | Tomb:1   | Killed a royal mummy
 97120 | Tomb:1   | Noticed a royal mummy
 97122 | Tomb:1   | Killed a royal mummy
 97193 | Tomb:1   | Noticed a royal mummy
 97195 | Tomb:1   | Killed a royal mummy
 97236 | Tomb:1   | Noticed a royal mummy
 97237 | Tomb:1   | Killed a royal mummy
 97239 | Tomb:1   | Noticed a royal mummy
 97244 | Tomb:1   | Killed a royal mummy
 97265 | Tomb:1   | Noticed a royal mummy
 97271 | Tomb:1   | Killed a royal mummy
 97389 | Tomb:1   | Noticed a royal mummy
 97391 | Tomb:1   | Killed a royal mummy
 97392 | Tomb:1   | Reached skill level 10 in Transmutations
 97392 | Tomb:1   | Reached skill level 10 in Earth Magic
 97441 | Tomb:1   | Noticed a royal mummy
 97445 | Tomb:1   | Noticed a royal mummy
 97446 | Tomb:1   | Killed a royal mummy
 97448 | Tomb:1   | Killed a royal mummy
 97750 | Tomb:3   | Entered Level 3 of the Tomb of the Ancients
 97761 | Tomb:3   | Noticed a royal mummy
 97764 | Tomb:3   | HP: 4/221 [death scarab (13)]
 97767 | Tomb:3   | Slain by an ancient champion

Illustrated notes

Levels and vault maps discovered:
D:1:      dpeg_arrival_lava_altar, layout_basic, amcnicky_mini_corridor_feature,
          fountainhead
D:2:      layout_basic, hangedman_decor_lopped
D:3:      layout_basic, nicolae_ashenzari_panopticon, lemuel_crystal_altar,
          chequers_temple_overflow_statue_of_worship, minmay_fountain_box
D:4:      layout_basic, tgw_trog
D:5:      wander_guarded_unrand_ratskin, layout_loops_ring,
          kiku_gazebo_garden_becter, serial_co_window_serial, co_window_paths_a,
          co_window_corner_a, co_window_paths_a, co_window_paths_b,
          co_window_paths_b, co_window_paths_a, co_window_cross_1,
          co_window_cross_4, co_window_paths_c, co_window_corner_b,
          co_window_2corner, glass_columns_a, serial_shops, shop,
          minmay_mini_ossuary
D:6:      layout_loops_corners, grunt_temple_overflow_forces_of_nature,
          minmay_temple_entry_poolview, serial_glass, glass_columns_b,
          glass_columns_c, glass_columns_b, glass_columns_a,
          minmay_strange_pillars, minmay_strange_pillars, item_on_display_a,
          portal_sewer_entry_a, uniq_edmund
D:7:      layout_basic, enter_bailey_5, uniq_prince_ribbit1
D:8:      layout_cave_pools, dancing_weapons_uskayaw, old_standard_altar,
          nicolae_ossuary_entry_giza, gammafunk_ghost_stat_death,
          hangedman_abyss_or_decor_stagger, uniq_maggie
D:9:      kennysheep_steamy, layout_irregular_city, uniq_erolcha, uniq_psyche,
          uniq_grum
D:10:     kennysheep_blocky_hall, layout_irregular_city,
          erik_lair_orcish_takeover, hangedman_decor_diamond_cutter,
          onia_ninara_cookie, uniq_snorg
D:11:     layout_cave_pods, serial_shops, shop, basic_altar,
          hangedman_glass_garden, amcnicky_mini_pool_small
D:12:     layout_basic, basic_altar
D:13:     layout_basic, hangedman_decor_peaks_small
D:14:     layout_cave_pools, david_vaults_5, uniq_azrael, uniq_nessos
D:15:     hangedman_depths_entry_civil_slaughter, layout_basic,
          hangedman_abyss_or_decor_slice, serial_shops, shop
Temple:   nicolae_temple_hex_pool
Lair:1:   layout_long_grid
Lair:2:   layout_roguey
Lair:3:   layout_layer_cave, gammafunk_ghost_hive
Lair:4:   layout_small_grid, minmay_shoals_entry_hut, spider_nest_entry_rubble,
          forest_entry_grove, grunt_megastairs_5, uniq_nergalle
Lair:5:   layout_misc_corridors
Lair:6:   due_jungle_book, layout_loops_ring, dpeg_slime_entry_enclosed_altar,
          basic_altar, lemuel_fruit_fields, grunt_megastairs_4,
          lemuel_fruit_tree
Shoals:1: layout_shoals, abandoned_shop
Shoals:2: layout_shoals, nicolae_shoals_arrival_archipelago
Shoals:3: layout_shoals
Shoals:4: shoals_end_simple, layout_shoals, serial_shops, shop
Spider:1: layout_spider_delve
Spider:2: gammafunk_its_a_trap, worms_lemuel
Spider:3: layout_spider_delve, drop_trap, spiders_nest_spider_trap
Spider:4: grunt_spider_rune_island, lemuel_hornet_nest
Slime:1:  layout_caves
Slime:2:  layout_caves, dissolution_awaits, uniq_dissolution
Slime:3:  layout_caves
Slime:4:  nicolae_slime_pool, layout_caves
Slime:5
Orc:1:    layout_caves
Orc:2:    st_orc_elflike, layout_diamond_mine, basic_altar, elves_outpost_lemuel
Elf:1:    layout_loops_corners, serial_shops, shop_fountains,
          hangedman_corner_corridor, minivault_24, st_stairs_11, uniq_louise
Elf:2:    layout_geoelf_diagonals, hangedman_elf_represent
Elf:3:    minmay_elf_hall_not_hex, layout_geoelf_octagon
Vaults:1: v_misc_25, v_misc_13, vaults_standard_mumra_x, vaults_room_pool,
          ontoclasm_vaults_ring_square, nicolae_vaults_yaktaur_gun_rack,
          grunt_vaults_twisty, vaults_dpeg_encased_lava, layout_vaults_omnigrid
Vaults:2: gammafunk_vaults_ghost_cemetery, emtedronai_trogs_sanctum,
          vaults_dpeg_ring, nicolae_vaults_circle_grid_b, v_misc_33,
          hangedman_vaults_slice, ontoclasm_vaults_twist, grunt_vaults_focal,
          hangedman_vaults_restitches, ontoclasm_vaults_misaligned,
          vaults_room_corners, hangedman_vaults_corner_blocks,
          layout_vaults_maze
Vaults:3: minmay_crypt_entry_nasty_monster, nicolae_vaults_diagonal_hallway_7,
          nicolae_vaults_mini_display_case, ontoclasm_vaults_ring_square,
          vaults_room_pools, vaults_dpeg_hooks, ontoclasm_vaults_pinch,
          nicolae_vaults_border_crossing, layout_vaults_ring
Vaults:4: vaults_room_glass_cross, vaults_standard_mumra_lines,
          nicolae_vaults_little_squares_5, hangedman_vaults_stagger,
          vaults_mumra_hex, ontoclasm_vaults_fault, layout_vaults_chaotic_city
Vaults:5: serial_shops, uniq_bai_suzhen, uniq_mennas
Crypt:1:  layout_basic, amcnicky_mini_rare_corridor_liquid,
          skrybe_necro_troll_2, uniq_jory
Crypt:2:  gammafunk_sealed_library, layout_regular_city, st_stairs_11
Crypt:3:  quadcrypt_mu
Tomb:1
Tomb:2
Tomb:3
Depths:1: layout_roguey, rand_demon_pan_entry_9, abyss_entry,
          serial_bayou_pond_b, grunt_mini_vestibule, drop_trap,
          minmay_shattered_shrine
Depths:2: hangedman_pleasuredromes, hell_entry, pan_entry, uniq_mara
Depths:3: hangedman_screamer, layout_basic, grunt_pan_entry_spiral,
          roderic_serpentine_path, hell_entry, nemelex_xobeh_ov_fountains_minmay
Depths:4: minmay_octagon_keep, layout_gridlike, enter_ziggurat_e,
          nicolae_abyss_entry_one_way_or_another, hell_entry,
          minmay_staircase_windowed_small
Depths:5: grunt_zot_entry_funnels, layout_gridlike, hell_entry,
          serial_sigils_hangedman_scratch, minmay_liquid_box,
          lightli_corner_chamber, minmay_shop_star
Hell
Dis:1:    layout_jigsaw
Dis:2:    layout_gridville
Dis:3:    layout_gridville
Dis:5:    layout_gridville
Dis:6:    layout_chaotic_city
Dis:7:    dis_st
Geh:1:    layout_gehenna_pools_basic
Geh:2:    layout_gehenna_pools_basic
Geh:3:    layout_gehenna_pools_box
Geh:4:    layout_gehenna_pools_basic
Geh:6:    layout_gehenna_pools_box, hangedman_elemental_grid_stream
Geh:7:    geh_grunt
Coc:1:    layout_cocytus_water_paths
Coc:2:    layout_cocytus_water_paths
Coc:3:    layout_cocytus_water_paths
Coc:4:    layout_cocytus_water_paths
Coc:5:    layout_ice_bergs
Coc:6:    layout_cocytus_water_paths
Coc:7:    coc_old
Tar:1:    layout_grid_maze
Tar:2:    layout_honeycomb
Tar:3:    layout_honeycomb
Tar:6:    layout_grid_maze, nicolae_tar_cuneiform_heaven,
          nicolae_tar_cuneiform_oil
Tar:7:    tar_minmay_river

Skill      XL: |  1  2  3  4  5  6  7  8  9 10 11 12 13 14 15 16 17 18 19 20 21 22 23 24 25 26 27 |
---------------+----------------------------------------------------------------------------------+-----
Dodging        | 3 5 6 7 9 10 11 12 24 | 24.0
Ice Magic      | 5 6 7 9 10 11 13 14 15 17 19 20 21 22 | 22.9
Fighting       | 1 2 3 5 6 7 8 9 10 11 12 13 14 15 16 17 18 25 | 25.1
Spellcasting   | 4 5 6 7 8 9 11 12 13 14 15 16 17 18 19 20 21 22 24 25 26 27 | 27.0
Summonings     | 2 3 4 |  4.7
Conjurations   | 1 3 4 6 8 9 10 | 10.5
Armour         | 1 4 6 7 8 18 | 18.6
Shields        | 3 4 5 7 8 9 10 12 14 15 | 15.0
Fire Magic     | 2 6 8 11 14 15 16 | 16.5
Long Blades    | 7 11 14 | 14.0
Transmutations | 11 | 11.0
Earth Magic    | 11 | 11.0
Stealth        | |  2.6

Action                   |  1- 3 |  4- 6 |  7- 9 | 10-12 | 13-15 | 16-18 | 19-21 | 22-24 | 25-27 || total
-------------------------+-------+-------+-------+-------+-------+-------+-------+-------+-------++-------
Melee: Dagger            |    29 |   132 |   204 |   272 |   306 |   292 |   292 |   133 |       ||  1660
       Eudemon blade     |       |       |       |       |       |       |       |       |  3111 ||  3111
 Cast: Freeze            |    44 |    22 |    31 |    98 |    33 |    22 |     2 |       |       ||   252
       Frozen Ramparts   |     1 |    12 |    23 |    25 |     8 |     2 |       |       |       ||    71
       Summon Ice Beast  |       |       |    31 |    82 |   109 |    83 |    33 |     2 |     2 ||   342
       Hailstorm         |       |       |     9 |    58 |   115 |   103 |    60 |    13 |     3 ||   361
       Ozocubu's Refrige |       |       |       |       |    76 |   402 |   383 |   317 |   301 ||  1479
       Irradiate         |       |       |       |       |     1 |     5 |     4 |       |       ||    10
       Freezing Cloud    |       |       |       |       |       |    18 |       |       |     1 ||    19
       Absolute Zero     |       |       |       |       |       |       |    27 |    99 |   338 ||   464
       Ignition          |       |       |       |       |       |       |     3 |    22 |   268 ||   293
       Swiftness         |       |       |       |       |       |       |     1 |       |     1 ||     2
       Fireball          |       |       |       |       |       |       |       |       |    22 ||    22
       Statue Form       |       |       |       |       |       |       |       |       |     1 ||     1
 Abil: Evoke Flight      |       |       |       |       |     1 |       |       |       |    12 ||    13
Evoke: Wand              |       |       |       |     4 |     7 |     1 |     1 |       |     4 ||    17
  Use: Scroll            |       |    15 |     8 |     5 |    14 |    15 |     9 |     9 |    48 ||   123
       Potion            |       |     1 |       |       |     1 |     1 |       |     1 |    18 ||    22
 Stab: Sleeping          |     4 |    10 |     9 |     7 |     5 |     3 |     1 |       |    14 ||    53
       Distracted        |       |     2 |     1 |     2 |     4 |     6 |     3 |       |    10 ||    28
Armor: Robe              |    14 |    30 |    48 |       |       |       |       |       |       ||    92
       Skin              |       |     6 |       |       |       |       |       |       |    15 ||    21
       Leather armour    |       |       |    18 |       |       |       |       |       |       ||    18
       Steam dragon scal |       |       |     9 |     2 |       |       |       |       |       ||    11
       Ring mail         |       |       |       |   143 |   155 |   346 |   135 |    39 |    94 ||   912
       Ice dragon scales |       |       |       |       |       |       |       |       |    82 ||    82
       Pearl dragon scal |       |       |       |       |       |       |       |       |   634 ||   634
Dodge: Dodged            |    25 |    87 |   175 |   284 |   239 |   371 |   191 |    98 |  1270 ||  2740
Block: Buckler           |       |       |       |       |    61 |   156 |   138 |    21 |       ||   376
       Kite shield       |       |       |       |       |       |    34 |       |    59 |  1677 ||  1770
       Rpst.: Eudemon blade |       |       |       |       |       |       |       |       |   201 ||   201
